Map: Tours du crépuscule

Players

Maximuss - Winner!

  • Race: Zerg Zerg
  • League: Silver
  • Spawn Location: 1:00

zidar

  • Race: Zerg Zerg
  • League: Silver
  • Spawn Location: 7:00

VOD

Have the link to the VOD?

Description

Time

  • Played on: Nov. 27, 2015, 11:41 a.m.
  • Length: 8:20
Show
View Real Time Build Order
Export as new Build Order

Maximuss Zerg - Winner!

Build Orders: 1 Base Baneling Bust, Pool First, Zergling Baneling 

Get SALT Encoding   

  12  0:01  Drone  
  13  0:11  Drone  
  14  0:18  Overlord  
  14  0:38  Spawning Pool  
  14  0:41  Extractor  
  14  0:42  Drone  
  13  0:48  Drone  
  14  0:56  Drone  
  15  1:01  Drone  
  16  1:09  Drone  
  17  1:17  Drone  
  18  1:24  Queen  
  20  1:31  Overlord  
  20  1:36  Zergling x2  
  21  1:47  Metabolic Boost  
  21  1:49  Zergling x2  
  22  2:19  Baneling Nest  
  22  2:20  Drone x3  
  24  2:40  Zergling x8  
  27  2:54  Queen  
  27  2:58  Spine Crawler, Hatchery  
  26  3:13  Zergling x8  
  30  3:22  Baneling x6  
  30  3:23  Baneling x2  
  30  3:31  Overlord  
  26  4:04  Overlord x2  
  26  4:10  Roach Warren  
  26  4:14  Queen  
  25  4:28  Zergling x4  
  25  4:29  Zergling x8  
  31  4:44  Drone x3  
  34  4:46  Drone x2  
  36  5:03  Baneling  
  36  5:04  Baneling x3  
  33  5:23  Roach x3  
  33  5:24  Roach  
  41  5:45  Roach  
  41  5:46  Roach x4  
  41  5:49  Overlord x2  
  51  5:54  Spore Crawler  
  50  5:57  Drone  
  47  6:42  Lair  
  47  6:44  Zergling x12  
  47  6:45  Zergling x6  
  56  6:53  Drone x2  
  56  7:06  Drone  
  53  7:33  Zergling x6  
  53  7:34  Zergling x8  
  55  7:51  Roach x5  
  62  7:58  Extractor  
Show
View Real Time Build Order
Export as new Build Order

zidar Zerg 

Build Orders: Pool First 

Get SALT Encoding   

  12  0:01  Drone  
  13  0:12  Overlord  
  13  0:17  Drone  
  14  0:30  Drone  
  14  0:32  Drone  
  14  0:34  Drone  
  17  0:48  Spawning Pool  
  16  0:50  Drone  
  17  1:18  Drone  
  18  1:19  Hatchery  
  18  1:20  Drone  
  18  1:27  Overlord  
  18  1:37  Queen  
  20  1:42  Extractor  
  20  1:44  Drone  
  20  1:46  Drone  
  21  1:50  Drone  
  22  2:13  Zergling x4  
  23  2:28  Queen  
  25  2:38  Baneling Nest  
  25  2:40  Zergling x6  
  26  3:33  Metabolic Boost  
  22  4:03  Zergling x24  
  34  4:41  Hatchery  
  33  5:05  Overlord x2  
  31  5:31  Drone  
  31  5:32  Drone  
  33  5:39  Baneling x2  
  33  5:40  Baneling x2  
  33  5:41  Baneling  
  33  5:48  Roach Warren  
  32  5:51  Extractor  
  31  6:03  Drone x6  
  27  6:35  Roach x8  
  43  6:42  Overlord x2  
  43  6:43  Overlord  
  43  7:06  Drone  
  43  7:07  Drone x5  
  49  7:12  Roach x3  
  36  7:38  Roach x3  
  36  7:39  Roach x2  
  36  7:41  Roach  
  44  7:54  Ravager  
  44  7:56  Roach  
  44  7:57  Roach  
Tags
 
Add a new tag
Caveats
  • Supply blocks, unpowered buildings, or Contaminate may cause inaccurate times.
  • Supply counts are checked every 10 seconds.